 Dungeon Crawl Stone Soup version 0.29-a0-90-gc37658a0fe (webtiles) character file.

Game seed: 9918537050938570148

69 lordive the Ducker (level 4, 0/24 HPs)
             Began as a Spriggan Abyssal Knight on Feb 6, 2022.
             Was a Follower of Lugonu.
             Slain by a worm (11 damage)
             ... on level 1 of the Dungeon.
             The game lasted 00:04:15 (3768 turns).

lordive the Ducker (Spriggan Abyssal Knight)        Turns: 3768, Time: 00:04:16

Health: 0/24       AC:  2    Str:  9    XL:     4   Next: 2%
Magic:  6/6        EV: 18    Int: 13    God:    Lugonu [*.....]
Gold:   75         SH:  0    Dex: 15    Spells: 3/3 levels left

rFire   . . .      SeeInvis +   k - +2 dagger (freeze)
rCold   . . .      Faith    .   (no shield)
rNeg    . . .      Spirit   .   b - +0 robe
rPois   .          Reflect  .   (helmet restricted)
rElec   .          Harm     .   (no cloak)
rCorr   .          Rampage  .   (gloves unavailable)
Will    .....                   (boots unavailable)
Stlth   ++........              (no amulet)
HPRegen 0.08/turn               (no ring)
MPRegen 0.10/turn               (no ring)

@: very quick
A: very small, no large weapons, unfitting armour, see invisible, speed 3
a: Renounce Religion, Depart the Abyss


You were on level 1 of the Dungeon.
You worshipped Lugonu.
Lugonu was aware of your devotion.
You visited 1 branch of the dungeon, and saw 2 of its levels.
You visited the Abyss 1 time.

You collected 75 gold pieces.

Inventory:

Hand Weapons
 a - a +1 short sword
 h - a +0 dagger of speed
 k - a +2 dagger of freezing (weapon)
Missiles
 j - 57 stones
Armour
 b - a +0 robe (worn)
Jewellery
 g - an amulet of guardian spirit
Scrolls
 c - a scroll of immolation {unknown}
 d - a scroll of enchant armour {unknown}
 e - a scroll of magic mapping {unknown}
 f - 3 scrolls of teleportation {unknown}
 l - a scroll of identify {unknown}
Potions
 i - a potion of degeneration {unknown}


   Skills:
 + Level 3.0 Fighting
 + Level 3.1 Short Blades
 + Level 3.9 Dodging
 + Level 1.4 Stealth
 * Level 0.3 Translocations
 * Level 2.1 Invocations


You had 3 spell levels left.
You didn't know any spells.
Your spell library contained the following spells:

 Spells                   Type           Power      Damage    Failure   Level
 Portal Projectile        Hex/Tloc       0%         N/A       65%         3
 Call Canine Familiar     Summ           0%         N/A       67%         3
 Airstrike                Air            0%         N/A       97%         4
 Leda's Liquefaction      Hex/Erth       0%         N/A       97%         4
 Summon Lightning Spire   Summ/Air       0%         N/A       97%         4
 Lightning Bolt           Conj/Air       0%         1d11      100%        5


Dungeon Overview and Level Annotations

Branches:
Dungeon (2/15)

Altars:

Annotations:
D:2 Robin


Innate Abilities, Weirdness & Mutations

You are very small and have problems with some larger weapons.
You are too small for most types of armour.
You have supernaturally acute eyesight. (SInv)
You cover ground extremely quickly. (Speed+++)


Message History

You kill the endoplasm!
Lugonu accepts your kill.
You have reached level 4!
You hit the hobgoblin but do no damage. The hobgoblin completely misses you.
You hit the hobgoblin. You freeze the hobgoblin.
The hobgoblin is severely wounded.
You barely miss the hobgoblin.
The hobgoblin is severely wounded.
The hobgoblin hits you.
You hit the hobgoblin but do no damage.
The hobgoblin is severely wounded.
The hobgoblin misses you.
You hit the hobgoblin. You freeze the hobgoblin.
You kill the hobgoblin!
Lugonu accepts your kill.
You barely miss the worm. You hit the worm. You freeze the worm.
The worm is lightly wounded.
The worm closely misses you.
You hit the worm but do no damage.
The worm is lightly wounded.
You hit the worm. You freeze the worm.
The worm is heavily wounded.
The worm misses you.
You hit the worm. You freeze the worm.
The worm is severely wounded.
You barely miss the worm.
The worm is severely wounded.
The worm completely misses you.
You completely miss the worm.
The worm is heavily wounded.
You barely miss the worm.
The worm is heavily wounded.
The worm misses you.
You barely miss the worm.
The worm is heavily wounded.
You hit the worm. You freeze the worm.
The worm is severely wounded.
The worm bites you!
You die...

).....#..###.###
.........#.....#
.........#.....#
......#..#.....#
...............#
.#..#...##.....###
.......#######...#
#....### ###.#
##...# #@# ##.##
##w## ###.# #...#
>#### ####.>.#
##♣♣♣♣♣♣♣♣♣P##.)..#
PP.PP......P♣##...#
♣#.PPP.....P.#....#
PP..#.§.§....#.####
P...#.§.§......#


You could see a worm.

Vanquished Creatures
  An adder (D:2)
  A worm (D:2)
  A dart slug (D:1)
  4 bats (D:1)
  5 endoplasms
  4 giant cockroaches (D:1)
  8 goblins (D:1)
  5 hobgoblins
  2 quokkas (D:2)
  4 ball pythons
  4 frilled lizards
  7 kobolds
  3 rats (D:1)
49 creatures vanquished.

Vanquished Creatures (others)
  13 plants (D:1)
13 creatures vanquished.

Grand Total: 62 creatures vanquished

Notes
Turn   | Place    | Note
-------+----------+-------------------------------------------
     0 | Abyss:1  | lordive the Spriggan Abyssal Knight began the quest for the
                  | Orb.
     0 | Abyss:1  | Reached XP level 1. HP: 11/11 MP: 3/3
   145 | D:1      | Escaped the Abyss
   396 | D:1      | Reached * piety under Lugonu
   397 | D:1      | Reached XP level 2. HP: 9/16 MP: 4/4
  1026 | D:1      | Found a faded altar of an unknown god.
  1473 | D:1      | Reached XP level 3. HP: 14/19 MP: 5/5
  2790 | D:2      | Reached skill level 1 in Stealth
  3277 | D:2      | Noticed Robin
  3754 | D:1      | Reached XP level 4. HP: 12/24 MP: 6/6
  3768 | D:1      | Slain by a worm

Illustrated notes

Levels and vault maps discovered:
D:1:      dpeg_arrival_stone_temple_mockup, layout_rooms,
          hellmonk_ecumenical_altar_slurped_away, minmay_misc_feat_plants,
          lexackson_kobold_supper
D:2:      layout_rooms, uniq_robin

Skill      XL: |  1  2  3 |
---------------+----------+-----
Fighting       | 3 |  3.0
Short Blades   | 3 |  3.1
Stealth        | 1 |  1.4
Invocations    | 2 |  2.1
Dodging        | |  3.9
Translocations | |  0.3

Action                   |  1- 3 |  4- 6 || total
-------------------------+-------+-------++-------
Melee: Short sword       |   170 |       ||   170
       Punch             |     2 |       ||     2
       Dagger            |    28 |    15 ||    43
Invok: Depart the Abyss  |     1 |       ||     1
 Stab: Sleeping          |     6 |       ||     6
Armor: Robe              |    27 |       ||    27
Dodge: Dodged            |   161 |     6 ||   167

Table legend: (Time is in decaauts)
 A = Elapsed time spent in this place.
 B = Non-inter-level travel time spent in this place.
 C = Inter-level travel time spent in this place.
 D = Time resting spent in this place.
 E = Time spent auto-exploring this place.
 F = Levels seen in this place.
 G = Mean time per level.
                   A        B        C        D        E       F      G
               +--------+--------+--------+--------+--------+-----+--------+
         Total |   3222 |   3117 |    105 |   1400 |   1241 |   4 |  805.5 |
       Dungeon |   3134 |   3029 |    105 |   1400 |   1159 |   2 | 1567.0 |
         Abyss |     87 |     87 |      0 |      0 |     82 |   2 |   43.5 |
               +--------+--------+--------+--------+--------+-----+--------+

Top non-repeatable levels by time:
     D:1: 2596 daAuts
     D:2: 538 daAuts
 Abyss:1: 86 daAuts
 Abyss:2: 0 daAuts
